 Dungeon Crawl Stone Soup version 0.19.0 (webtiles) character file.

60 Krathar the Caller (level 3, -2/33 HPs)
             Began as a Draconian Wanderer on Nov 21, 2016.
             Slain by a hobgoblin
             ... wielding a +0 club
              (3 damage)
             ... on level 2 of the Dungeon.
             The game lasted 00:09:45 (1862 turns).

Krathar the Caller (Draconian Wanderer)             Turns: 1862, Time: 00:09:47

Health: -2/33      AC:  5    Str: 13    XL:     3   Next: 80%
Magic:  2/6        EV: 11    Int: 16    God:
Gold:   77         SH:  0    Dex:  8    Spells: 2 memorised, 3 levels left

rFire  . . .     SeeInvis .     c - +0 club
rCold  . . .     Gourm    .     (armour unavailable)
rNeg   . . .     Faith    .     (no shield)
rPois  .         Spirit   .     (helmet restricted)
rElec  .         Reflect  .     (no cloak)
rCorr  .         Harm     .     (no gloves)
MR     .....                    (no boots)
Stlth  +.........               (no amulet)
                                (no ring)
                                (no ring)

@: no status effects
A: unfitting armour, cold-blooded, AC +5
a: no special abilities


You were on level 2 of the Dungeon.
You were not hungry.

You visited 1 branch of the dungeon, and saw 2 of its levels.

You collected 77 gold pieces.

Inventory:

Hand Weapons
 c - a +0 club (weapon)
Jewellery
 o - an uncursed ring of flight {unknown}
 q - an uncursed ring of ice {unknown}
Scrolls
 f - 2 scrolls of blinking {unknown}
 h - 2 scrolls of remove curse {unknown}
 i - 3 scrolls of magic mapping {unknown}
 j - 3 scrolls of identify {unknown}
 l - a scroll of random uselessness {unknown}
 p - a scroll of recharging {unknown}
Potions
 e - 2 potions of haste {unknown}
 g - a potion of brilliance {unknown}
 k - a potion of curing {unknown}
Books
 a - a book of Callings

   Spells                             Type                      Level
   a - Summon Small Mammal            Summoning                    1
   b - Call Imp                       Summoning                    2
   c - Call Canine Familiar           Summoning                    3
   d - Summon Guardian Golem          Hexes/Summoning              3
   e - Summon Lightning Spire         Summoning/Air                4
   f - Summon Ice Beast               Ice/Summoning                4
 b - the Catalogue of the Birds

   Spells                             Type                      Level
   a - Shock                          Conjuration/Air              1
   b - Mephitic Cloud                 Conjuration/Poison/Air       3
Comestibles
 d - 2 bread rations
 m - 3 fruits
 n - a chunk of flesh


   Skills:
 + Level 3.8 Fighting
 - Level 1.0 Throwing
 - Level 1.0 Stealth
 - Level 2.0 Spellcasting
 - Level 4.0 Summonings
   Level 2.0 Air Magic


You had 3 spell levels left.
You knew the following spells:

 Your Spells              Type           Power        Failure   Level  Hunger
a - Summon Small Mammal   Summ           ##..         4%          1    #......
x - Call Imp              Summ           ##......     8%          2    ###....


Dungeon Overview and Level Annotations

Branches:
Dungeon (2/15)

Altars:
Sif Muna
Vehumet

Annotations:
D:2 Natasha, Robin


Innate Abilities, Weirdness & Mutations

Your plain brown scales are hard. (AC +5)
You cannot fit into any form of body armour.
You are cold-blooded and may be slowed by cold attacks.


Message History

You feel troubled.
Your crimson imp hits Natasha.
Natasha mumbles some strange words.
The shadow imp disappears in a puff of smoke!
Your crimson imp barely misses Natasha.
Something barely misses your crimson imp.
You barely miss the hobgoblin.
The hobgoblin is moderately wounded.
The hobgoblin hits you but does no damage.
You hit the hobgoblin.
Your tail-slap misses the hobgoblin.
The hobgoblin is heavily wounded.
The hobgoblin misses you.
Natasha mumbles some strange words.
You hit the hobgoblin but do no damage.
Your tail-slap misses the hobgoblin.
The hobgoblin is heavily wounded.
The hobgoblin hits you with a club.
* * * LOW HITPOINT WARNING * * *
Natasha mumbles some strange words.
The hobgoblin hits you with a club.
You die...

#.. #######.####
#..##....5.....$
..#......5...#
#.#.5#####5#.##
#.#..### ...##
#...h5.# #...
###).#.# #..#
###.5#.# #..
#.5.hg@# #.# ##
#.#..#######.###....
#.#..............#
#.#.......<..#####
#.##########.# # #.#
#.#####.... #.#
#..5....# #.#
#####.#####.#
######### #.#
#...#..#


You could see Natasha, 2 crimson imps, a white imp and a hobgoblin.

Vanquished Creatures
  An adder (D:2)
  A leopard gecko (D:2)
  A ball python (D:2)
  A giant cockroach (D:2)
  5 goblins
  3 hobgoblins
  A quokka (D:2)
  A bat (D:2)
  A frilled lizard (D:1)
  13 rats
28 creatures vanquished.

Vanquished Creatures (collateral kills)
  Natasha (D:2)
  A dart slug (D:1)
  4 hobgoblins
  6 rats (D:1)
12 creatures vanquished.

Vanquished Creatures (others)
  An adder (D:2)
1 creature vanquished.

Grand Total: 41 creatures vanquished

Notes
Turn   | Place    | Note
-------+----------+-------------------------------------------
     0 | D:1      | Krathar the Draconian Wanderer began the quest for the Orb.
     0 | D:1      | Krathar set off with: a book of Callings, the Catalogue of the Birds, a +0 club, a bread ration
     0 | D:1      | Reached XP level 1. HP: 14/14 MP: 3/3
     0 | D:1      | Identified the Catalogue of the Birds
     2 | D:1      | Learned a level 1 spell: Summon Small Mammal
   113 | D:1      | Reached skill level 1 in Fighting
   336 | D:1      | Reached XP level 2. HP: 18/24 MP: 1/5
  1147 | D:2      | Noticed Robin
  1169 | D:2      | Reached XP level 3. HP: 6/30 MP: 1/6
  1429 | D:2      | Noticed Natasha
  1438 | D:2      | Killed Natasha
  1445 | D:2      | Learned a level 2 spell: Call Imp
  1640 | D:2      | Found a deep blue altar of Sif Muna.
  1738 | D:2      | Found a radiant altar of Vehumet.
  1839 | D:2      | Noticed Natasha
  1862 | D:2      | HP: 1/33 [hobgoblin/club (6)]
  1862 | D:2      | Slain by a hobgoblin

Skill      XL: |  1  2  3 |
---------------+----------+-----
Fighting       | 1 2 3 |  3.8
Throwing       | |  1.0
Stealth        | |  1.0
Spellcasting   | |  2.0
Summonings     | |  4.0
Air Magic      | |  2.0

Action                   || total
-------------------------++-------
Melee: Club              ||   119
       Tailslap          ||     4
 Cast: Summon Small Mamm ||    25
       Call Imp          ||     5
 Stab: Sleeping          ||     3
  Eat: Chunk             ||     4
Armor: Skin              ||    38
Dodge: Dodged            ||    95
